PIO (24 & UNDER)
COLORADO COMMANDERS @ SEATTLE RAINIERS
05/13/2025
 
TOP OF THE 1ST
Colorado Commanders batting - Pitching for Seattle Rainiers : RHP Brandon Sweet
Pitching: RHP Brandon Sweet
Batting: RHB Ray Ervin 0-0: Ball
1-0: Ball
2-0: Swinging Strike
2-1: Swinging Strike
2-2: Strikes out swinging
Batting: LHB David Hernández 0-0: Foul Ball, location: 2F
0-1: Swinging Strike
0-2: Ball
1-2: Ground out 6-3 (Groundball, 6)
Batting: RHB Lee Price 0-0: Called Strike
0-1: Foul Ball, location: 2F
0-2: Ball
1-2: Ball
2-2: Ball
3-2: Foul Ball, location: 2F
3-2: Strikes out looking
Top of the 1st over - 0 run(s), 0 hit(s), 0 error(s), 0 left on base; Colorado 0 - Seattle 0
BOTTOM OF THE 1ST
Seattle Rainiers batting - Pitching for Colorado Commanders : RHP Kel Rosewarne
Pitching: RHP Kel Rosewarne
Batting: RHB Enrique Mendoza 0-0: Ball
1-0: Foul Ball, location: 2F
1-1: Fly out, F9 (Flyball, 89D)
Batting: LHB Brian Boone 0-0: Fly out, F5 (Line Drive, 56)
Batting: SHB Nick Cox 0-0: Foul Ball, location: 2F
0-1: Ball
1-1: Fly out, F8 (Flyball, 8RS)
Bottom of the 1st over - 0 run(s), 0 hit(s), 0 error(s), 0 left on base; Colorado 0 - Seattle 0
TOP OF THE 2ND
Colorado Commanders batting - Pitching for Seattle Rainiers : RHP Brandon Sweet
Batting: LHB Michael Barrett 0-0: Ball
1-0: Called Strike
1-1: Ball
2-1: SINGLE (Groundball, 6MD)
Batting: RHB Joe Haley 0-0: Called Strike
0-1: Fly out, F9 (Flyball, 9D)
Batting: SHB Scott Compton 0-0: Fly out, F6 (Popup, 56D)
Batting: RHB Pedro García 0-0: Ground out 4-3 (Groundball, 34)
Top of the 2nd over - 0 run(s), 1 hit(s), 0 error(s), 1 left on base; Colorado 0 - Seattle 0
BOTTOM OF THE 2ND
Seattle Rainiers batting - Pitching for Colorado Commanders : RHP Kel Rosewarne
Batting: RHB Reynaldo Slomp 0-0: Ball
1-0: Ball
2-0: Called Strike
2-1: Called Strike
2-2: Strikes out swinging
Batting: SHB Vicente Pagán 0-0: Ball
1-0: Ground out 4-3 (Groundball, 4M)
Batting: RHB Edward Melton 0-0: Called Strike
0-1: Ball
1-1: Foul Ball, location: 2F
1-2: Foul Ball, location: 2F
1-2: Foul Ball, location: 2F
1-2: Ball
2-2: Strikes out swinging
Bottom of the 2nd over - 0 run(s), 0 hit(s), 0 error(s), 0 left on base; Colorado 0 - Seattle 0
TOP OF THE 3RD
Colorado Commanders batting - Pitching for Seattle Rainiers : RHP Brandon Sweet
Batting: SHB Ángel Díaz 0-0: Fly out, F7 (Flyball, 7M)
Batting: RHB Tim Adkins 0-0: Foul Ball, location: 2F
0-1: Ball
1-1: Foul Ball, location: 2F
1-2: Ball
2-2: Strikes out looking
Batting: RHB Ray Ervin 0-0: Fly out, F7 (Flyball, 7M)
Top of the 3rd over - 0 run(s), 0 hit(s), 0 error(s), 0 left on base; Colorado 0 - Seattle 0
BOTTOM OF THE 3RD
Seattle Rainiers batting - Pitching for Colorado Commanders : RHP Kel Rosewarne
Batting: RHB John Hill 0-0: Swinging Strike
0-1: Ball
Reached via error on a dropped throw, E3
Batting: RHB Jeremiah Soto 0-0: Foul Ball, location: 2F
0-1: Ball
1-1: Swinging Strike
1-2: Ball
2-2: Ball
3-2: Foul Ball, location: 2F
3-2: SINGLE (Groundball, 56D)
John Hill to second
Batting: RHB Jorge Colón 0-0: Fly out, F6 (Popup, 6D)
Batting: RHB Enrique Mendoza 0-0: Ball
1-0: SINGLE (Groundball, 5D)
John Hill to third
Jeremiah Soto to second
Batting: LHB Brian Boone 0-0: Swinging Strike
0-1: Called Strike
0-2: Ball
1-2: DOUBLE (Line Drive, 9LD)
John Hill scores
Jeremiah Soto scores
Enrique Mendoza to third
Batting: SHB Nick Cox 0-0: 3-RUN HOME RUN (Flyball, 89XD), Distance : 435 ft
Batting: RHB Reynaldo Slomp 0-0: Ground out 5-3 (Groundball, 56)
Batting: SHB Vicente Pagán 0-0: Foul Ball, location: 2F
0-1: Ground out 4-3 (Groundball, 4)
Bottom of the 3rd over - 5 run(s), 4 hit(s), 1 error(s), 0 left on base; Colorado 0 - Seattle 5
TOP OF THE 4TH
Colorado Commanders batting - Pitching for Seattle Rainiers : RHP Brandon Sweet
Batting: LHB David Hernández 0-0: Ball
1-0: Ground out 5-3 (Groundball, 5S)
Batting: RHB Lee Price 0-0: Foul Ball, location: 2F
0-1: Foul Ball, location: 2F
0-2: Strikes out swinging
Batting: LHB Michael Barrett 0-0: Swinging Strike
0-1: Ball
1-1: Fly out, F7 (Flyball, 7LS)
Top of the 4th over - 0 run(s), 0 hit(s), 0 error(s), 0 left on base; Colorado 0 - Seattle 5
BOTTOM OF THE 4TH
Seattle Rainiers batting - Pitching for Colorado Commanders : RHP Kel Rosewarne
Batting: RHB Edward Melton 0-0: Ball
1-0: Called Strike
1-1: Ball
2-1: Foul Ball, location: 2F
2-2: Ball
3-2: Fly out, F7 (Flyball, 56D)
Batting: RHB John Hill 0-0: Called Strike
0-1: Called Strike
0-2: Ball
1-2: Ball
2-2: Foul Ball, location: 2F
2-2: Strikes out swinging
Batting: RHB Jeremiah Soto 0-0: Ball
1-0: Foul Ball, location: 2F
1-1: Foul Ball, location: 2F
1-2: Ball
2-2: Strikes out looking
Bottom of the 4th over - 0 run(s), 0 hit(s), 0 error(s), 0 left on base; Colorado 0 - Seattle 5
TOP OF THE 5TH
Colorado Commanders batting - Pitching for Seattle Rainiers : RHP Brandon Sweet
Batting: RHB Joe Haley 0-0: Ball
1-0: Ball
2-0: Called Strike
2-1: Foul Ball, location: 2F
2-2: Ball
3-2: Strikes out swinging
Batting: SHB Scott Compton 0-0: Fly out, F7 (Flyball, 7M)
Batting: RHB Pedro García 0-0: Called Strike
0-1: Called Strike
0-2: Strikes out swinging
Top of the 5th over - 0 run(s), 0 hit(s), 0 error(s), 0 left on base; Colorado 0 - Seattle 5
BOTTOM OF THE 5TH
Seattle Rainiers batting - Pitching for Colorado Commanders : RHP Kel Rosewarne
Batting: RHB Jorge Colón 0-0: Ball
1-0: Called Strike
1-1: Swinging Strike
1-2: Fly out, F8 (Flyball, 8RM)
Batting: RHB Enrique Mendoza 0-0: Ball
1-0: Foul Ball, location: 2F
1-1: Ball
2-1: Foul Ball, location: 2F
2-2: Ball
3-2: SINGLE (Line Drive, 6D)
Batting: LHB Brian Boone 0-0: Called Strike
0-1: SINGLE (Line Drive, 9LS)
Enrique Mendoza to second
Batting: SHB Nick Cox 0-0: DOUBLE (Line Drive, 9LS)
Enrique Mendoza scores
Brian Boone to third
Runner from 3rd tries for Home, throw and OUT!
Batting: RHB Reynaldo Slomp 0-0: Called Strike
0-1: Ball
1-1: Ball
2-1: SINGLE (Flyball, 9LM)
Nick Cox to third
Runner from 3rd tries for Home, SAFE, no throw or cutoff
Batting: SHB Vicente Pagán 0-0: Called Strike
0-1: Swinging Strike
0-2: Strikes out looking
Bottom of the 5th over - 2 run(s), 4 hit(s), 0 error(s), 1 left on base; Colorado 0 - Seattle 7
TOP OF THE 6TH
Colorado Commanders batting - Pitching for Seattle Rainiers : RHP Brandon Sweet
Batting: SHB Ángel Díaz 0-0: Ball
1-0: Swinging Strike
1-1: DOUBLE (Groundball, 5L)
Batting: RHB Tim Adkins 0-0: Called Strike
0-1: Ground out 4-3 (Groundball, 4)
Ángel Díaz to third
Batting: RHB Ray Ervin 0-0: Swinging Strike
0-1: Ball
1-1: Foul Ball, location: 2F
1-2: Ball
2-2: Ball
3-2: Base on Balls
Batting: LHB David Hernández 0-0: Ball
1-0: Swinging Strike
1-1: Swinging Strike
1-2: Foul Ball, location: 2F
1-2: Strikes out swinging
Batting: RHB Lee Price 0-0: Called Strike
0-1: Called Strike
0-2: Ball
1-2: Ball
2-2: Strikes out looking
Top of the 6th over - 0 run(s), 1 hit(s), 0 error(s), 2 left on base; Colorado 0 - Seattle 7
BOTTOM OF THE 6TH
Seattle Rainiers batting - Pitching for Colorado Commanders : RHP Kel Rosewarne
Batting: RHB Edward Melton 0-0: Swinging Strike
0-1: Ball
1-1: Ball
2-1: Foul Ball, location: 2F
2-2: Strikes out swinging
Batting: RHB John Hill 0-0: Called Strike
0-1: Swinging Strike
0-2: Foul Ball, location: 2F
0-2: Foul Ball, location: 2F
0-2: Ball
1-2: Ball
2-2: Ball
3-2: Base on Balls
Pitching: RHP Jesús Medina
Batting: RHB Jeremiah Soto 0-0: Called Strike
0-1: Ball
1-1: Ball
2-1: Grounds into double play, 4-6-3 (Groundball, 4)
Bottom of the 6th over - 0 run(s), 0 hit(s), 0 error(s), 0 left on base; Colorado 0 - Seattle 7
TOP OF THE 7TH
Colorado Commanders batting - Pitching for Seattle Rainiers : RHP Brandon Sweet
Batting: LHB Michael Barrett 0-0: Ball
1-0: Swinging Strike
1-1: Swinging Strike
1-2: Ball
2-2: Strikes out looking
Batting: RHB Joe Haley 0-0: Fly out, F7 (Line Drive, 7D)
Batting: SHB Scott Compton 0-0: Ball
1-0: DOUBLE (Line Drive, 9LS)
Batting: RHB Pedro García 0-0: Fly out, F3 (Popup, 3DF)
Top of the 7th over - 0 run(s), 1 hit(s), 0 error(s), 1 left on base; Colorado 0 - Seattle 7
BOTTOM OF THE 7TH
Seattle Rainiers batting - Pitching for Colorado Commanders : RHP Jesús Medina
Batting: RHB Jorge Colón 0-0: Called Strike
0-1: Called Strike
0-2: Strikes out looking
Batting: RHB Enrique Mendoza 0-0: Called Strike
0-1: Ball
1-1: Ball
2-1: Ball
3-1: SINGLE (Line Drive, 6MD)
Batting: LHB Brian Boone 0-0: Called Strike
0-1: Ball
1-1: Ball
Throwing error on steal attempt, E2
Enrique Mendoza to third
2-1: Ground out 6-3 (Groundball, 6)
Enrique Mendoza scores
Batting: SHB Nick Cox 0-0: Called Strike
0-1: Ball
1-1: Ball
2-1: Foul Ball, location: 2F
2-2: Ground out 3-1 (Groundball, 34)
Bottom of the 7th over - 1 run(s), 1 hit(s), 1 error(s), 0 left on base; Colorado 0 - Seattle 8
TOP OF THE 8TH
Colorado Commanders batting - Pitching for Seattle Rainiers : RHP Brandon Sweet
Now at C: Eugene Jefferson
Now in CF: Juan Morales
Batting: SHB Ángel Díaz 0-0: Swinging Strike
0-1: Ball
1-1: Fly out, F7 (Line Drive, 7S)
Pinch Hitting: RHB José Aranda 0-0: Called Strike
0-1: Ball
1-1: Fly out, F2 (Popup, 2RF)
Batting: RHB Ray Ervin 0-0: Called Strike
0-1: Ball
1-1: Ball
2-1: Ball
3-1: Swinging Strike
3-2: Strikes out looking
Top of the 8th over - 0 run(s), 0 hit(s), 0 error(s), 0 left on base; Colorado 0 - Seattle 8
BOTTOM OF THE 8TH
Seattle Rainiers batting - Pitching for Colorado Commanders : RHP Jesús Medina
Now at SS: José Aranda
Batting: RHB Reynaldo Slomp 0-0: Called Strike
0-1: Swinging Strike
0-2: Ball
1-2: Strikes out swinging
Pitching: LHP António Ramos
Pinch Hitting: RHB Jacob Hill 0-0: Ball
1-0: Called Strike
1-1: Swinging Strike
1-2: Strikes out swinging
Batting: RHB Edward Melton 0-0: Foul Ball, location: 2F
0-1: Ball
1-1: Swinging Strike
1-2: Foul Ball, location: 2F
1-2: Foul Ball, location: 2F
1-2: Strikes out looking
Bottom of the 8th over - 0 run(s), 0 hit(s), 0 error(s), 0 left on base; Colorado 0 - Seattle 8
TOP OF THE 9TH
Colorado Commanders batting - Pitching for Seattle Rainiers : RHP Brandon Sweet
Pitching: RHP Lúcio Feliciano
Now at 1B: Jacob Hill
Batting: LHB David Hernández 0-0: Called Strike
0-1: Called Strike
0-2: SOLO HOME RUN (Flyball, 78XD), Distance : 430 ft
Batting: RHB Lee Price 0-0: Ball
1-0: Called Strike
1-1: Called Strike
1-2: Strikes out swinging
Pinch Hitting: RHB Rubén Hernández 0-0: Foul Ball, location: 2F
0-1: Ground out 6-3 (Groundball, 6M)
Batting: RHB Joe Haley 0-0: Ball
1-0: Ball
2-0: Ball
3-0: Base on Balls
Batting: SHB Scott Compton 0-0: Called Strike
0-1: Ground out 4-3 (Groundball, 4MS)
Top of the 9th over - 1 run(s), 1 hit(s), 0 error(s), 1 left on base; Colorado 1 - Seattle 8
This league is powered by Out of the Park Baseball, the baseball management simulation game for PC, Mac and Linux
Tuesday, August 2nd, 2016 - OOTP Baseball 16.8 Build 38